 Dungeon Crawl Stone Soup version 0.21.1-1-g345015f (webtiles) character file.

20 Iko the Grasshopper (level 3, -1/24 HPs)
             Began as a Halfling Warper on May 9, 2018.
             Succumbed to an adder's poison
             ... on level 3 of the Dungeon.
             The game lasted 00:02:38 (263 turns).

Iko the Grasshopper (Halfling Warper)                Turns: 263, Time: 00:02:39

Health: -1/24      AC:  3    Str: 11 (13) XL:     3   Next: 0%
Magic:  5/5        EV: 14    Int: 10 (11) God:
Gold:   22         SH:  0    Dex: 12 (13) Spells: 5/5 levels left

rFire    . . .     SeeInvis .   a - +0 falchion
rCold    + . .     Gourm    .   (shield restricted)
rNeg     . . .     Faith    .   b - +0 leather armour
rPois    .         Spirit   .   (no helmet)
rElec    .         Reflect  .   (no cloak)
rCorr    .         Harm     +   (no gloves)
MR       .....                  (no boots)
Stlth    +.........             j - amulet of harm
HPRegen  0.08/turn              i - ring of protection from cold
MPRegen  0.09/turn              (no ring)

@: lethally poisoned (-1 -> -13)
A: small, mutation resistance 1
a: no special abilities


You were on level 3 of the Dungeon.
You were not hungry.

You visited 1 branch of the dungeon, and saw 3 of its levels.

You collected 22 gold pieces.

Inventory:

Hand Weapons
 a - a +0 falchion (weapon)
Missiles
 e - 5 tomahawks of dispersal (quivered)
Armour
 b - a +0 leather armour (worn)
Jewellery
 i - a ring of protection from cold (left hand)
 j - an amulet of harm (around neck)
Scrolls
 d - a scroll of blinking
Potions
 g - a potion of ambrosia
Books
 c - a book of Spatial Translocations

   Spells                             Type                      Level
   a - Blink                          Translocation                2
   b - Shroud of Golubria             Charms/Translocation         2
   c - Lesser Beckoning               Translocation                3
   d - Gell's Gravitas                Translocation                3
   e - Teleport Other                 Translocation                3
   f - Passage of Golubria            Translocation                4
Comestibles
 f - a ration


   Skills:
 + Level 1.8 Fighting
 + Level 2.5 Long Blades
 + Level 1.0 Throwing
 + Level 1.1 Armour
 + Level 2.3 Dodging
 + Level 1.0 Stealth
 + Level 1.8 Spellcasting
   Level 3.2 Translocations


You had 5 spell levels left.
You didn't know any spells.

Dungeon Overview and Level Annotations

Branches:
Dungeon (3/15)

Altars:


Innate Abilities, Weirdness & Mutations

You are small and have problems with some larger weapons.
You are somewhat resistant to further mutation.


Message History

You don't know any spells.
Sorry, you're not good enough to have a special ability.
You miss the adder.
* * * LOW HITPOINT WARNING * * *
You feel sick. The adder closely misses you. The adder bites you.
* * * LOW HITPOINT WARNING * * *
You are more poisoned.
The adder poisons you!
You closely miss the adder.
* * * LOW HITPOINT WARNING * * *
You feel sick. The adder misses you.
You hit the adder but do no damage.
* * * LOW HITPOINT WARNING * * *
You feel sick. The adder closely misses you.
You riposte.
You hit the adder.
The adder is heavily wounded.
The adder misses you.
You riposte.
You miss the adder.
The adder is heavily wounded.
You hit the adder.
The adder is severely wounded.
You die...

.............#
###.#.......## #
#.##.....## #
#.###...## ###.# ##'##
....# #.# ##### #.#
########.###########.#
................@S...#
######.......#########
### #....##.#
..####<#..##.#
....##.#..##.#
#.#.......##.# #.#
##.#.###.#
#.####.......#
.......#.#####


You could see an adder.

Vanquished Creatures
  An adder (D:2)
  An ooze (D:3)
  A giant cockroach (D:2)
  A hobgoblin (D:2)
  A quokka (D:2)
  2 bats (D:2)
  A rat (D:2)
8 creatures vanquished.

Notes
Turn   | Place    | Note
-------+----------+-------------------------------------------
     0 | D:1      | Iko the Halfling Warper began the quest for the Orb.
     0 | D:1      | Reached XP level 1. HP: 14/14 MP: 3/3
   114 | D:2      | Reached XP level 2. HP: 10/19 MP: 4/4
   200 | D:3      | Reached skill level 1 in Stealth
   200 | D:3      | Reached XP level 3. HP: 8/24 MP: 5/5
   262 | D:3      | HP: 1/24 [poisoned by an adder]
   263 | D:3      | Succumbed to an adder's poison

Skill      XL: |  1  2 |
---------------+-------+-----
Stealth        | 1 |  1.0
Fighting       | |  1.8
Long Blades    | |  2.5
Throwing       | |  1.0
Armour         | |  1.1
Dodging        | |  2.3
Spellcasting   | |  1.8
Translocations | |  3.2

Action                   || total
-------------------------++-------
Melee: Falchion          ||    39
  Use: Potion            ||     3
       Scroll            ||     1
Armor: Leather armour    ||     8
Dodge: Dodged            ||    34
       Rpst.: Falchion   ||     7
